Map: Golden Wall LE

Players

AqueroN

  • Race: Terran Terran
  • League: Grandmaster
  • Spawn Location: 5:00

AGOElazer (Elazer) - Winner!

  • Race: Zerg Zerg
  • League: Master
  • Spawn Location: 7:00

Event: DreamHack SC2 Masters 2020 Fall

VOD

Have the link to the VOD?

Description

Time

  • Played on: Aug. 30, 2020, 1:07 p.m.
  • Length: 10:32

All games in this series

Show
View Real Time Build Order
Export as new Build Order

AqueroN Terran 

Build Orders: Hellion Opening, Reaper Expand 

Get SALT Encoding   

  12  0:00  SCV  
  13  0:12  SCV  
  14  0:17  Supply Depot  
  14  0:24  SCV  
  15  0:38  SCV  
  15  0:40  Barracks  
  16  0:45  Refinery  
  16  0:50  SCV  
  17  1:03  SCV  
  18  1:15  SCV  
  19  1:28  Orbital Command, Reaper  
  20  1:40  Command Center  
  20  1:50  Supply Depot  
  20  1:54  SCV  
  20  2:00  Marine  
  22  2:07  SCV  
  23  2:13  Factory  
  23  2:19  SCV  
  23  2:22  Barracks Reactor  
  24  2:31  Refinery, SCV  
  25  2:43  SCV  
  26  2:53  Orbital Command  
  26  2:55  SCV  
  27  3:00  Starport  
  29  3:06  Hellion x2  
  29  3:07  SCV  
  29  3:10  Marine  
  29  3:12  Supply Depot  
  33  3:19  SCV  
  34  3:20  SCV  
  37  3:27  Hellion x2  
  37  3:31  SCV  
  37  3:32  Marine  
  41  3:36  Fusion Core  
  41  3:40  SCV  
  42  3:42  Starport Tech Lab  
  42  3:43  SCV  
  42  3:47  Supply Depot  
  43  3:52  SCV  
  43  3:53  Hellion  
  43  3:54  Hellion  
  48  3:57  Barracks Tech Lab  
  48  3:58  SCV  
  49  4:04  SCV  
  50  4:11  SCV, Supply Depot  
  50  4:16  SCV  
  52  4:28  SCV x2  
  52  4:29  Battlecruiser  
  60  4:36  Barracks x2  
  60  4:39  Factory Reactor  
  60  4:40  SCV  
  61  4:46  Supply Depot  
  61  4:53  Command Center  
  61  4:55  SCV x2  
  63  5:01  Stimpack  
  63  5:06  Supply Depot  
  63  5:07  SCV  
  63  5:08  SCV  
  65  5:15  Engineering Bay  
  65  5:16  Engineering Bay  
  65  5:17  Refinery, Marine  
  65  5:20  SCV x2  
  68  5:24  Marine x2  
  70  5:32  SCV  
  70  5:33  SCV, Marine  
  70  5:35  Marine  
  74  5:43  Starport Reactor  
  74  5:44  Marine x2  
  74  5:45  Barracks, Marine  
  74  5:46  Barracks  
  75  5:51  SCV x2, Terran Infantry Armor Level 1, Terran Infantry Weapons Level 1  
  75  5:54  Marine  
  75  5:55  Marine  
  79  5:59  Siege Tank  
  82  6:04  Supply Depot  
  82  6:05  Orbital Command  
  82  6:08  Marine x3  
  85  6:14  SCV x2  
  85  6:17  Refinery  
  87  6:19  Missile Turret  
  87  6:21  Marine x2  
  89  6:25  Medivac x2  
  89  6:28  Marine x2  
  89  6:30  Orbital Command  
  95  6:38  SCV x2  
  99  6:44  Marine  
  99  6:46  Marine x3, Barracks Reactor x2  
  100  6:50  SCV x2  
  100  6:51  Missile Turret  
  103  6:58  SCV  
  103  6:59  Missile Turret  
  103  7:01  Marine  
  105  7:02  SCV  
  105  7:05  Marine  
  105  7:06  Marine x3  
  109  7:12  Missile Turret x2  
  109  7:15  SCV x2  
  111  7:17  Supply Depot  
  111  7:20  Siege Tank  
  111  7:22  Barracks Tech Lab, Marine x2  
  114  7:23  Marine x3  
  114  7:26  SCV  
  114  7:27  SCV  
  114  7:29  SCV  
  115  7:37  Marine  
  115  7:38  SCV  
  115  7:39  SCV  
  115  7:40  Marine x2  
  115  7:48  Marine x2  
  115  7:49  Marine x2  
  119  7:52  SCV x2  
  119  7:53  SCV  
  116  8:02  Barracks, Marine  
  116  8:03  Barracks, Marine x3  
  116  8:04  Medivac, Barracks  
  122  8:08  Medivac  
  122  8:09  Marine  
  125  8:17  SCV  
  125  8:19  Supply Depot  
  125  8:22  Supply Depot  
  125  8:24  SCV  
  125  8:25  Barracks Tech Lab  
  124  8:32  Supply Depot, Marine x2  
  124  8:33  Marine x6  
  131  8:38  Medivac  
  133  8:54  Medivac, Marine x6  
  141  8:58  Siege Tank, Marine x3  
  141  8:59  Supply Depot, Marine x2  
  149  9:03  Marine  
  149  9:11  Marine x3  
  149  9:14  SCV x3  
  155  9:20  Marine x6  
  160  9:25  Barracks Tech Lab  
  160  9:26  Marine x2  
  160  9:27  Medivac  
  164  9:32  Medivac, Siege Tank, Supply Depot x2  
  164  9:33  Marine  
  170  9:38  Marine  
  170  9:39  Marine  
  170  9:42  Marine  
  170  9:44  Marine  
  157  9:48  Marine  
  157  9:49  Marine x2  
  157  9:50  Marine  
  157  9:55  SCV  
  157  9:56  SCV  
  157  9:57  Marine  
  146  10:07  Marine x2  
  146  10:09  Marine x3  
Show
View Real Time Build Order
Export as new Build Order

AGOElazer Zerg - Winner!

Build Orders: Hatch First, Muta Ling Bane 

Get SALT Encoding   

  12  0:00  Drone  
  13  0:12  Overlord  
  13  0:17  Drone  
  14  0:30  Drone x2  
  16  0:48  Hatchery  
  15  0:51  Drone  
  15  0:55  Drone  
  17  0:58  Drone  
  18  1:08  Extractor  
  17  1:14  Spawning Pool  
  17  1:17  Drone  
  17  1:20  Drone  
  18  1:28  Drone  
  19  1:39  Drone  
  20  1:49  Drone  
  21  2:00  Queen x2  
  25  2:01  Overlord, Zergling x2  
  26  2:11  Metabolic Boost, Zergling x2  
  26  2:12  Drone  
  28  2:23  Drone x2  
  30  2:33  Drone  
  30  2:34  Drone  
  32  2:40  Queen x2  
  36  2:44  Overlord  
  36  2:49  Overlord  
  36  3:03  Drone x2  
  36  3:04  Drone x2  
  40  3:10  Drone x5  
  45  3:13  Drone  
  45  3:16  Drone  
  45  3:19  Drone  
  48  3:31  Hatchery  
  47  3:37  Lair  
  47  3:38  Drone  
  47  3:39  Extractor  
  47  3:40  Drone  
  48  3:42  Overlord  
  48  3:49  Drone x3  
  48  3:51  Drone  
  48  3:54  Drone, Extractor x2  
  48  3:55  Drone  
  52  4:00  Drone, Baneling Nest  
  52  4:01  Drone  
  53  4:03  Drone  
  53  4:09  Queen  
  56  4:11  Drone  
  56  4:12  Drone  
  58  4:17  Overlord  
  58  4:23  Zergling x4  
  60  4:28  Overlord  
  60  4:36  Zergling x2, Overseer  
  60  4:37  Zergling x6, Spire  
  63  4:43  Zergling x4  
  65  4:56  Spore Crawler  
  65  4:58  Drone x6  
  70  5:01  Spore Crawler  
  70  5:05  Queen  
  71  5:10  Drone x2  
  71  5:11  Drone  
  74  5:14  Overlord  
  74  5:16  Drone x4  
  78  5:21  Overlord  
  78  5:30  Drone  
  78  5:31  Drone x3  
  78  5:32  Overlord x2  
  82  5:48  Mutalisk x7  
  96  5:51  Zerg Flyer Weapons Level 1  
  96  5:56  Mutalisk x2  
  100  6:05  Extractor x2  
  100  6:09  Drone x8  
  106  6:12  Mutalisk  
  108  6:18  Overlord  
  108  6:22  Drone x4  
  112  6:32  Drone x4  
  114  6:35  Centrifical Hooks  
  114  6:38  Evolution Chamber  
  114  6:39  Evolution Chamber  
  112  6:46  Overlord  
  112  6:47  Zergling x14  
  119  6:56  Mutalisk  
  121  7:02  Hatchery  
  121  7:04  Mutalisk  
  121  7:05  Mutalisk x3  
  128  7:13  Mutalisk  
  130  7:17  Overlord x2  
  130  7:18  Baneling x8  
  130  7:28  Overlord  
  130  7:30  Baneling x7  
  130  7:36  Zergling x2, Baneling x5  
  130  7:37  Zergling x18  
  140  7:46  Zergling x8  
  143  7:59  Overlord  
  143  8:01  Zerg Flyer Weapons Level 2  
  143  8:02  Zerg Melee Weapons Level 1  
  143  8:04  Zerg Ground Armor Level 1  
  143  8:06  Zergling x2  
  143  8:07  Zergling x16  
  143  8:11  Overlord  
  152  8:29  Mutalisk x4  
  152  8:31  Zergling x10  
  161  8:37  Zergling x2  
  161  8:38  Zergling x4  
  161  8:41  Overlord  
  164  8:42  Mutalisk x2  
  164  8:46  Hatchery  
  164  8:47  Mutalisk  
  169  8:50  Zergling x12  
  169  8:51  Overlord x3  
  175  8:57  Overseer  
  175  8:58  Pneumatized Carapace  
  175  8:59  Overseer  
  175  9:01  Baneling x2  
  175  9:11  Zergling x20  
  179  9:20  Zergling x16  
  187  9:28  Baneling x12  
  187  9:33  Mutalisk x2  
  189  9:41  Mutalisk  
  175  9:46  Zergling x2  
  175  9:47  Zergling x26  
  189  9:55  Mutalisk  
  189  9:56  Mutalisk x2  
  189  9:57  Zergling x2  
  189  9:58  Zergling x8  
  193  10:08  Zergling x2  
  193  10:09  Zergling x10  

Tags
 
Add a new tag
Caveats
  • Supply blocks, unpowered buildings, or Contaminate may cause inaccurate times.
  • Supply counts are checked every 10 seconds.